[Event "41st Amateur D7"]
[Site "ChessGUI4"]
[Date "2013.07.11"]
[Round "32.2"]
[White "Tigran 2.3 64-bit"]
[Black "ChessKiss 1.7 64-bit"]
[Result "0-1"]
[BlackElo "2214"]
[ECO "C42"]
[EventDate "2013.??.??"]
[TimeControl "40/1500:40/1500:40/1500"]
[WhiteElo "2289"]

{ i5 Quad } 1.e4 e5 2.Nf3 Nf6 3.Nxe5 d6 4.Nf3 Nxe4 5.Qe2 Qe7 6.d3 Nf6 7.Bg5 Qxe2+ 8.Bxe2 Be7 9.Nc3 O-O { [%eval -23,13] [%emt 0:00:43] (Nc6) } 10.d4
{ [%eval 28,12] [%emt 0:00:42] (O-O) } 10...Re8
{ [%eval -6,12] [%emt 0:00:41] (Nc6) } 11.Kd2
{ [%eval 36,12] [%emt 0:00:42] (O-O) } 11...Be6
{ [%eval 74,12] [%emt 0:00:40] (Nc6) } 12.Rae1
{ [%eval 19,13] [%emt 0:00:42] (Rae1) } 12...Nc6
{ [%eval 74,13] [%emt 0:00:40] (Nbd7) } 13.Bb5
{ [%eval 37,13] [%emt 0:00:43] (Bb5) } 13...a6
{ [%eval 65,13] [%emt 0:00:41] (Rab8) } 14.Bxc6
{ [%eval 33, 14] [%emt 0:00:37] (Bxc6) } 14...bxc6
{ [%eval 65,15] [%emt 0:00:34] (bxc6) } 15.b3
{ [%eval 29,14] [%emt 0:00:43] (Kc1) } 15...h6
{ [%eval 73,14] [%emt 0:00:35] (c5) } 16.Bxf6
{ [%eval 20,15] [%emt 0:00:43] (Bxf6) } 16...Bxf6
{ [%eval 71,13] [%emt 0:00:34] (Bxf6) } 17.Ne4
{ [%eval 20,14] [%emt 0:00:43] (Re2) } 17...Be7
{ [%eval 77,14] [%emt 0:00:33] (Be7) } 18.h3
{ [%eval -11,13] [%emt 0:00:43] (Kc1) } 18...a5
{ [%eval 95,12] [%emt 0:00:33] (c5) } 19.Nc3
{ [%eval 19,13] [%emt 0:00:39] (Nc3) } 19...Rab8
{ [%eval 79,13] [%emt 0:00:32] (Bf6) } 20.Re2
{ [%eval 28,14] [%emt 0:00:42] (Re3) } 20...d5
{ [%eval 67,13] [%emt 0:00:31] (d5) } 21.Ne5
{ [%eval -2,14] [%emt 0:00:44] (Kc1) } 21...c5
{ [%eval 123,12] [%emt 0:00:30] (c5) } 22.Nc6
{ [%eval -3,14] [%emt 0: 00:40] (Nf3) } 22...Bg5+
{ [%eval 128,13] [%emt 0:00:29] (Bg5) } 23.Kd1
{ [%eval -25, 15] [%emt 0:00:45] (Kd1) } 23...Rb6
{ [%eval 175,14] [%emt 0:00:28] (Rb6) } 24.Na7
{ [%eval -84,14] [%emt 0:00:45] (Nxa5) } 24...c6
{ [%eval 238,14] [%emt 0:00:28] (c6) } 25.Na4
{ [%eval -123,14] [%emt 0:00:46] (Na4) } 25...Ra6
{ [%eval 260,15] [%emt 0:00: 27] (Ra6) } 26.Nc8
{ [%eval -139,14] [%emt 0:00:46] (Nc8) } 26...Rxc8
{ [%eval 334,15] [%emt 0:00:26] (Rxc8) } 27.Nxc5
{ [%eval -160,14] [%emt 0:00:46] (Nxc5) } 27...Ra7
{ [%eval 336,15] [%emt 0:00:25] (Raa8) } 28.Rhe1
{ [%eval -177,14] [%emt 0:00:47] (Rhe1) } 28...Rf8
{ [%eval 357,14] [%emt 0:00:24] (Bf6) } 29.c3
{ [%eval -178,13] [%emt 0:00:47] (Nxe6) } 29...Kh7
{ [%eval 347,13] [%emt 0:00:23] (Bc8) } 30.Nxe6
{ [%eval -180,15] [%emt 0:00:47] (Nxe6) } 30...fxe6
{ [%eval 337,15] [%emt 0:00:23] (fxe6) } 31.g3
{ [%eval -170,15] [%emt 0:00:48] (g3) } 31...Rf3
{ [%eval 292,14] [%emt 0:00:22] (Rf3) } 32.Rc2
{ [%eval -185,15] [%emt 0:00:48] (h4) } 32...Re7
{ [%eval 311, 15] [%emt 0:00:19] (Re7) } 33.h4
{ [%eval -160,17] [%emt 0:00:42] (h4) } 33...Bf6
{ [%eval 304,14] [%emt 0:00:12] (Bf6) } 34.Ke2
{ [%eval -168,16] [%emt 0:00:51] (Re3) } 34...Rf5
{ [%eval 314,14] [%emt 0:00:20] (Rf5) } 35.f4
{ [%eval -176,14] [%emt 0:00:48] (f4) } 35...Re8
{ [%eval 311,14] [%emt 0:00:20] (c5) } 36.Kf3
{ [%eval -117, 14] [%emt 0:00:53] (Kd1) } 36...Bd8
{ [%eval 315,13] [%emt 0:00:19] (Bd8) } 37.b4
{ [%eval -144,14] [%emt 0:00:53] (Kg2) } 37...Rf6
{ [%eval 316,12] [%emt 0:00:19] (Rf7) } 38.Kg2
{ [%eval -140,14] [%emt 0:00:44] (Kg4) } 38...Bc7
{ [%eval 291,12] [%emt 0:00: 18] (a4) } 39.c4
{ [%eval -126,14] [%emt 0:01:04] (a4) } 39...dxc4
{ [%eval 302,13] [%emt 0:00:17] (Rb8) } 40.Rxc4
{ [%eval -138,16] [%emt 0:01:03] (Rxc4) } 40...axb4
{ [%eval 284,11] [%emt 0:00:02] (axb4) } 41.Rxc6
{ [%eval -155,14] [%emt 0:00:34] (Rxc6) } 41...Re7
{ [%eval 301,14] [%emt 0:01:00] (Re7) } 42.Rec1
{ [%eval -141,14] [%emt 0:00:34] (Kh3) } 42...Bd8
{ [%eval 291,15] [%emt 0:00:58] (Bd8) } 43.Rd6
{ [%eval -138,15] [%emt 0:00:34] (Rd6) } 43...Bc7
{ [%eval 281,16] [%emt 0:00:57] (Rf8) } 44.Rdc6
{ [%eval 0,20] [%emt 0:00:35] (Rdc6) } 44...Bd8
{ [%eval 274,16] [%emt 0:00: 54] (Bd8) } 45.Rd6
{ [%eval 0,19] [%emt 0:00:29] (Rd6) } 45...Rf8
{ [%eval 279,15] [%emt 0:00:39] (Rf8) } 46.Ra6
{ [%eval -182,14] [%emt 0:00:29] (Rc2) } 46...Rff7
{ [%eval 315,15] [%emt 0:00:52] (Rff7) } 47.Rc2
{ [%eval -204,14] [%emt 0:00:35] (Rd6) } 47...Rc7
{ [%eval 327,15] [%emt 0:00:52] (Rd7) } 48.Rd2
{ [%eval -202,14] [%emt 0:00:35] (Rd2) } 48...Rf6
{ [%eval 320,15] [%emt 0:00:49] (Rf6) } 49.h5
{ [%eval -209,14] [%emt 0:00:35] (Re2) } 49...Rd7
{ [%eval 352,15] [%emt 0:00:49] (Rd7) } 50.Rc6
{ [%eval -229,13] [%emt 0:00:35] (Kh3) } 50...Rd5
{ [%eval 394,15] [%emt 0:00: 48] (e5) } 51.Rc5
{ [%eval -232,14] [%emt 0:00:35] (Rdc2) } 51...Bb6
{ [%eval 368,15] [%emt 0:00:47] (Be7) } 52.Rc4
{ [%eval -191,15] [%emt 0:00:30] (Rxd5) } 52...Rf7
{ [%eval 365,14] [%emt 0:00:44] (Rf8) } 53.Rdc2
{ [%eval -204,15] [%emt 0:00:35] (Rc6) } 53...Bxd4
{ [%eval 420,15] [%emt 0:00:42] (Bxd4) } 54.Rxb4
{ [%eval -226,14] [%emt 0:00:35] (Rxb4) } 54...e5
{ [%eval 411,15] [%emt 0:00:41] (e5) } 55.fxe5
{ [%eval -228,15] [%emt 0:00:34] (Rd2) } 55...Bxe5
{ [%eval 411,14] [%emt 0:00:41] (Bxe5) } 56.Re4
{ [%eval -244,14] [%emt 0:00:36] (a4) } 56...Bd6
{ [%eval 400,14] [%emt 0:00:39] (Ra7) } 57.g4
{ [%eval -258,14] [%emt 0:00:36] (g4) } 57...Rd3
{ [%eval 455,14] [%emt 0:00:38] (Rd3) } 58.Rf2
{ [%eval -294,14] [%emt 0:00:31] (Rf2) } 58...Rb7
{ [%eval 458,14] [%emt 0:00:37] (Rc7) } 59.Rfe2
{ [%eval -305,13] [%emt 0:00:37] (a4) } 59...Rg3+
{ [%eval 552,15] [%emt 0:00:36] (Rg3) } 60.Kf1
{ [%eval -421,15] [%emt 0:00:37] (Kh1) } 60...Bc5
{ [%eval 626,15] [%emt 0:00:35] (Bc5) } 61.Ke1
{ [%eval -444,15] [%emt 0:00:33] (Rd2) } 61...Rd7
{ [%eval 691,13] [%emt 0:00: 33] (Rd7) } 62.Rf4
{ [%eval -456,14] [%emt 0:00:38] (Rf4) } 62...Rg1+
{ [%eval 708,13] [%emt 0:00:33] (Rg1) } 63.Rf1
{ [%eval -490,15] [%emt 0:00:33] (Rf1) } 63...Rxg4
{ [%eval 727,14] [%emt 0:00:32] (Rxg4) } 64.Re5
{ [%eval -499,14] [%emt 0:00:38] (Re5) } 64...Bd6
{ [%eval 738,13] [%emt 0:00:31] (Bd6) } 65.Re3
{ [%eval -522,13] [%emt 0:00:38] (Ref5) } 65...Rg2
{ [%eval 721,12] [%emt 0:00:30] (Rg2) } 66.Rff3
{ [%eval -554,14] [%emt 0:00:38] (Rff3) } 0-1

[Event "41st Amateur D7"]
[Site "ChessGUI4"]
[Date "2013.07.11"]
[Round "32.3"]
[White "Butcher 1.64 64-bit"]
[Black "Shallow 1.0 64-bit"]
[Result "1/2-1/2"]
[BlackElo "2200"]
[ECO "D45"]
[EventDate "2013.??.??"]
[TimeControl "40/1500:40/1500:40/1500"]
[WhiteElo "2355"]

{ i5 Quad } 1.d4 Nf6 2.c4 e6 3.Nf3 d5 4.Nc3 c6 5.e3 Nbd7 6.Qc2 Bd6 7.b3 O-O 8.Be2 b6 9.O-O Bb7
{ [%eval -9,14] [%emt 0:00:42] (a6) } 10.Bb2
{ [%eval 0,11] [%emt 0:00:59] (Bb2) } 10...dxc4
{ [%eval -7,13] [%emt 0: 00:42] (Qe7) } 11.Bxc4
{ [%eval 9,10] [%emt 0:00:59] (bxc4) } 11...c5
{ [%eval -2,13] [%emt 0:00:42] (c5) } 12.dxc5
{ [%eval 27,10] [%emt 0:00:58] (Qe2) } 12...Nxc5
{ [%eval 0,13] [%emt 0:00:42] (Bxc5) } 13.Rad1
{ [%eval 22,10] [%emt 0:01:04] (Nb5) } 13...a6
{ [%eval 10,12] [%emt 0:00:42] (Qb8) } 14.b4
{ [%eval 21,11] [%emt 0: 01:04] (Ne2) } 14...Nce4
{ [%eval 1,13] [%emt 0:00:42] (Nce4) } 15.Nxe4
{ [%eval 12,11] [%emt 0:01:02] (Nxe4) } 15...Nxe4
{ [%eval -4,13] [%emt 0:00:42] (Nxe4) } 16.Rd4
{ [%eval 16,10] [%emt 0:01:01] (a3) } 16...b5
{ [%eval -2,13] [%emt 0:00:42] (Ng5) } 17.Bb3
{ [%eval 40,11] [%emt 0:00:58] (Bd3) } 17...Rc8
{ [%eval 8,13] [%emt 0:00:42] (Ng5) } 18.Qd3
{ [%eval 22,11] [%emt 0:00:59] (Qe2) } 18...Qf6
{ [%eval 12,12] [%emt 0:00: 42] (Qf6) } 19.Rxd6
{ [%eval 23,10] [%emt 0:00:57] (a3) } 19...Qxb2
{ [%eval 21,13] [%emt 0:00:42] (Qxb2) } 20.Rd7
{ [%eval 6,12] [%emt 0:00:57] (Rd4) } 20...Bc6
{ [%eval 16,13] [%emt 0:00:42] (Rc1) } 21.Ra7
{ [%eval 0,11] [%emt 0:00:48] (Rd4) } 21...Rfd8
{ [%eval 25,13] [%emt 0:00:42] (Rfd8) } 22.Nd4
{ [%eval -32,11] [%emt 0:00: 48] (Rc7) } 22...Nc3
{ [%eval 34,12] [%emt 0:00:42] (Nc3) } 23.f3
{ [%eval -36,11] [%emt 0:00:39] (Qc2) } 23...Bd5
{ [%eval 82,12] [%emt 0:00:42] (Bd5) } 24.Rf2
{ [%eval -99,11] [%emt 0:00:43] (Rf2) } 24...Qc1+
{ [%eval 98,13] [%emt 0:00:42] (Qc1) } 25.Rf1
{ [%eval -126,12] [%emt 0:00:46] (Rf1) } 25...Qa3
{ [%eval 94,13] [%emt 0:00: 42] (Qa3) } 26.Bxd5
{ [%eval -106,11] [%emt 0:00:46] (Qc2) } 26...Rxd5
{ [%eval 86,13] [%emt 0:00:42] (Rxd5) } 27.Qc2
{ [%eval -115,11] [%emt 0:00:44] (Qc2) } 27...Rdd8
{ [%eval 85,13] [%emt 0:00:42] (Rdd8) } 28.Qb3
{ [%eval -118,12] [%emt 0:00:43] (Qb3) } 28...Qxa2
{ [%eval 92,15] [%emt 0:00:42] (Qxa2) } 29.Qxa2
{ [%eval -102,13] [%emt 0:00:43] (Qxa2) } 29...Nxa2
{ [%eval 92,14] [%emt 0:00:42] (Nxa2) } 30.Rb1
{ [%eval -91,12] [%emt 0:00:42] (Nxb5) } 30...Ra8
{ [%eval 100,15] [%emt 0:00:42] (Nc1) } 31.Rxa8
{ [%eval -73,15] [%emt 0:00:41] (Rxa8) } 31...Rxa8
{ [%eval 101,15] [%emt 0: 00:42] (Rxa8) } 32.Nc6
{ [%eval -84,14] [%emt 0:00:33] (Ra1) } 32...Kf8
{ [%eval 105, 15] [%emt 0:00:42] (Kf8) } 33.Rd1
{ [%eval -78,15] [%emt 0:00:36] (Rb2) } 33...Rc8
{ [%eval 102,14] [%emt 0:00:42] (Rc8) } 34.Rd6
{ [%eval -77,14] [%emt 0:00:30] (Rd6) } 34...g5
{ [%eval 99,15] [%emt 0:00:42] (Rxc6) } 35.Kf2
{ [%eval -83,13] [%emt 0:00:28] (Kf2) } 35...Kg7
{ [%eval 97,15] [%emt 0:00:42] (Kg7) } 36.e4
{ [%eval -73,12] [%emt 0:00:29] (e4) } 36...h5
{ [%eval 97,14] [%emt 0:00:42] (Rxc6) } 37.Kg3
{ [%eval -46,12] [%emt 0:00:26] (Ke3) } 37...Kh7
{ [%eval 10,14] [%emt 0:00:52] (Nc3) } 38.h4
{ [%eval -10,13] [%emt 0:00:24] (h4) } 38...Kh6
{ [%eval 4,14] [%emt 0:00:41] (Kh6) } 39.Ne5
{ [%eval -14,12] [%emt 0:00:21] (Ne5) } 39...gxh4+
{ [%eval 0,15] [%emt 0:00:41] (gxh4) } 40.Kxh4
{ [%eval 0,13] [%emt 0:00:17] (Kxh4) } 40...Nxb4
{ [%eval 0,15] [%emt 0:00:41] (Nxb4) } 41.Nxf7+
{ [%eval 0,15] [%emt 0:00:49] (Nxf7) } 41...Kg7
{ [%eval -10,15] [%emt 0:00:37] (Kg7) } 42.Ng5
{ [%eval 0,14] [%emt 0:00:49] (Nd8) } 42...e5
{ [%eval -2,14] [%emt 0:00:37] (e5) } 43.Rd7+
{ [%eval 0,14] [%emt 0:00:48] (Kxh5) } 43...Kg6
{ [%eval 0,14] [%emt 0:00:37] (Kg6) } 44.Rd6+
{ [%eval 0,15] [%emt 0:00:48] (Rd6) } 44...Kg7
{ [%eval 27,1] [%emt 0:00:00] (Kg7) } 45.Rd7+ Kg6
{ [%eval 0,15] [%emt 0:00:38] (Kg6) } 46.Rd6+
{ [%eval 0,15] [%emt 0: 00:46] (Rd6) } 46...Kg7
{ [%eval 1,1] [%emt 0:00:00] (Kg7) } 1/2-1/2

[Event "41st Amateur D7"]
[Site "ChessGUI4"]
[Date "2013.07.11"]
[Round "32.4"]
[White "Gibbon 2.57a 64-bit"]
[Black "MadChess 1.2"]
[Result "1/2-1/2"]
[BlackElo "2200"]
[ECO "B12"]
[EventDate "2013.??.??"]
[TimeControl "40/1500:40/1500:40/1500"]
[WhiteElo "2251"]

{ i5 Quad } 1.e4 c6 2.d4 d5 3.f3 dxe4 4.fxe4 e5 5.Nf3 Be6 6.c3 Nf6 7.Bd3 Nbd7 8.O-O Bd6 9.Ng5 O-O { [%eval -25,10] [%emt 0: 00:33] (O-O) } 10.Nxe6
{ [%eval 1,11] [%emt 0:00:31] (Nxe6) } 10...fxe6
{ [%eval -18, 11] [%emt 0:00:33] (fxe6) } 11.Nd2
{ [%eval 11,12] [%emt 0:00:36] (Nd2) } 11...c5
{ [%eval -7,11] [%emt 0:00:29] (Qb8) } 12.d5
{ [%eval 4,12] [%emt 0:00:28] (Nc4) } 12...exd5
{ [%eval -13,12] [%emt 0:01:08] (exd5) } 13.exd5
{ [%eval -23,13] [%emt 0: 01:31] (exd5) } 13...Nxd5
{ [%eval -13,11] [%emt 0:00:24] (Qc7) } 14.Nc4
{ [%eval 0,13] [%emt 0:00:55] (Nf3) } 14...N7f6
{ [%eval 13,12] [%emt 0:02:05] (Bc7) } 15.Bg5
{ [%eval -13,13] [%emt 0:01:22] (Nxd6) } 15...Bc7
{ [%eval -5,10] [%emt 0:00:21] (13) } 16.Qb3
{ [%eval -22,11] [%emt 0:00:28] (Qb3) } 16...b5
{ [%eval -21,11] [%emt 0:01:33] (b5) } 17.Qxb5
{ [%eval 25,12] [%emt 0:00:31] (Be4) } 17...Nxc3
{ [%eval 14,11] [%emt 0:00:27] (Nxc3) } 18.bxc3
{ [%eval -37,12] [%emt 0:00:32] (bxc3) } 18...Qxd3
{ [%eval 49,12] [%emt 0:01:00] (Qxd3) } 19.Bxf6
{ [%eval -65,12] [%emt 0:00:24] (Bxf6) } 19...Rxf6
{ [%eval 52,12] [%emt 0:00:35] (Rxf6) } 20.Qxc5
{ [%eval -39,13] [%emt 0:00: 24] (Qxc5) } 20...Rc8
{ [%eval 52,12] [%emt 0:00:16] (Rc8) } 21.Rxf6
{ [%eval -1,13] [%emt 0:00:11] (Ne3) } 21...gxf6
{ [%eval 90,14] [%emt 0:00:43] (gxf6) } 22.Kh1
{ [%eval -13,14] [%emt 0:00:34] (Kh1) } 22...Qxc3
{ [%eval 93,13] [%emt 0:00:21] (Qxc3) } 23.Rf1
{ [%eval 14,14] [%emt 0:00:14] (Rf1) } 23...Qd3
{ [%eval 71,13] [%emt 0:00:28] (Qd4) } 24.Ne3
{ [%eval 0,13] [%emt 0:00:16] (Ne3) } 24...Rf8
{ [%eval 50,12] [%emt 0: 00:17] (Qd6) } 25.Qxa7
{ [%eval 56,13] [%emt 0:00:12] (Rd1) } 25...e4
{ [%eval 34,12] [%emt 0:00:36] (Bb8) } 26.Qxc7
{ [%eval 49,13] [%emt 0:00:13] (Qxc7) } 26...Qxe3
{ [%eval 21,12] [%emt 0:00:18] (Qxe3) } 27.Rd1
{ [%eval 27,13] [%emt 0:00:25] (a4) } 27...h5
{ [%eval 35,12] [%emt 0:00:28] (Qe2) } 28.Qd7
{ [%eval 46,13] [%emt 0:00:28] (Qc4) } 28...Qe2
{ [%eval 105,13] [%emt 0:00:58] (Qe2) } 29.a4
{ [%eval 34,13] [%emt 0: 00:13] (h3) } 29...e3
{ [%eval 58,12] [%emt 0:00:27] (Rf7) } 30.a5
{ [%eval 42,13] [%emt 0:00:14] (Rg1) } 30...Rf7
{ [%eval 70,13] [%emt 0:00:43] (Qg4) } 31.Qd4
{ [%eval 13,13] [%emt 0:00:15] (Qd5) } 31...Qg4
{ [%eval 55,12] [%emt 0:00:27] (Qg4) } 32.Kg1
{ [%eval 24,13] [%emt 0:00:12] (Qd6) } 32...f5
{ [%eval 57,13] [%emt 0:01:06] (Ra7) } 33.Qd5
{ [%eval 56,13] [%emt 0:00:17] (Qxg4) } 33...f4
{ [%eval 36,12] [%emt 0: 00:40] (Kg7) } 34.Rb1
{ [%eval 21,14] [%emt 0:00:44] (h3) } 34...Kg7
{ [%eval 32,13] [%emt 0:00:47] (13) } 35.Qd4+
{ [%eval 26,13] [%emt 0:00:16] (Rb7) } 35...Kh7
{ [%eval 32,13] [%emt 0:00:31] (Kh7) } 36.Qe4+
{ [%eval 17,13] [%emt 0:00:14] (Qd5) } 36...Qg6
{ [%eval 54,15] [%emt 0:00:33] (Qf5) } 37.Qxg6+
{ [%eval 28,16] [%emt 0:00:10] (Qxg6) } 37...Kxg6
{ [%eval 48,15] [%emt 0:01:08] (Kxg6) } 38.a6
{ [%eval 44, 17] [%emt 0:00:14] (Kf1) } 38...Ra7
{ [%eval -45,14] [%emt 0:01:24] (Ra7) } 39.Ra1
{ [%eval 59,18] [%emt 0:00:12] (Ra1) } 39...h4
{ [%eval -94,16] [%emt 0:01:17] (h4) } 40.h3
{ [%eval 109,18] [%emt 0:00:20] (Kf1) } 40...Kf5
{ [%eval 0,17] [%emt 0:01:01] (Kf5) } 41.Kf1
{ [%eval 103,21] [%emt 0:02:01] (Kf1) } 41...Ke4
{ [%eval -112,18] [%emt 0: 08:47] (Ke4) } 42.Ke2
{ [%eval 121,20] [%emt 0:01:12] (Ra5) } 42...Ra8
{ [%eval -118, 16] [%emt 0:01:06] (Ke5) } 43.Ra4+
{ [%eval 140,20] [%emt 0:00:26] (Ra4) } 43...Ke5
{ [%eval -124,16] [%emt 0:00:57] (Kf5) } 44.Kf3
{ [%eval 322,19] [%emt 0:00:33] (Kf3) } 44...Rf8
{ [%eval -124,17] [%emt 0:01:23] (Rf8) } 45.Re4+
{ [%eval 360,19] [%emt 0:00:48] (a7) } 45...Kd5
{ [%eval -152,16] [%emt 0:00:46] (Kd5) } 46.a7
{ [%eval 370,19] [%emt 0:00:32] (a7) } 46...Ra8
{ [%eval -156,16] [%emt 0:00:50] (Ra8) } 47.Kxf4
{ [%eval 397,21] [%emt 0:00:36] (Rxf4) } 47...Rxa7
{ [%eval -124,16] [%emt 0: 01:00] (Rxa7) } 48.Rxe3
{ [%eval 396,20] [%emt 0:00:20] (Rxe3) } 48...Rf7+
{ [%eval -125,15] [%emt 0:00:51] (Kd4) } 49.Kg5
{ [%eval 396,21] [%emt 0:00:25] (Kg4) } 49...Rh7
{ [%eval -135,14] [%emt 0:00:25] (Rh7) } 50.Ra3
{ [%eval 406,21] [%emt 0:00: 32] (Re8) } 50...Ke5
{ [%eval -139,14] [%emt 0:00:25] (Rg7) } 51.Ra5+
{ [%eval 386,21] [%emt 0:00:54] (Ra5) } 51...Ke6
{ [%eval -150,16] [%emt 0:00:32] (Ke6) } 52.Ra6+
{ [%eval 406,22] [%emt 0:00:35] (Kg4) } 52...Ke5
{ [%eval -146,16] [%emt 0:01:07] (Ke5) } 53.Rh6
{ [%eval 396,23] [%emt 0:00:49] (Rg6) } 53...Rg7+
{ [%eval -146,18] [%emt 0:00: 38] (Rg7) } 54.Rg6
{ [%eval 427,24] [%emt 0:00:43] (Rg6) } 54...Rh7
{ [%eval -146,17] [%emt 0:00:55] (Rh7) } 55.Rg8
{ [%eval 446,23] [%emt 0:00:39] (Rg8) } 55...Kd5
{ [%eval -146,16] [%emt 0:00:16] (Ke4) } 56.Rf8
{ [%eval 380,4] [%emt 0:00:33] (Kg4) } 56...Rg7+
{ [%eval -136,15] [%emt 0:00:22] (Ke5) } 57.Kxh4
{ [%eval 497,21] [%emt 0:00:23] (Kxh4) } 57...Rxg2
{ [%eval -152,16] [%emt 0:00:39] (Rxg2) } 1/2-1/2

[Event "41st Amateur D7"]
[Site "ChessGUI4"]
[Date "2013.07.11"]
[Round "32.5"]
[White "Waxman 2011"]
[Black "ProChess 1.02AD"]
[Result "1-0"]
[BlackElo "2244"]
[ECO "A29"]
[EventDate "2013.??.??"]
[TimeControl "40/1500:40/1500:40/1500"]
[WhiteElo "2256"]

{ i5 Quad } 1.c4 e5 2.Nc3 Nf6 3.Nf3 Nc6 4.g3 Bb4 5.Nd5 Bc5 6.Bg2 O-O 7.O-O d6 8.a3 Nxd5 9.cxd5 Nd4 { [%eval 8,14] [%emt 0:01:18] (Nd4) } 10.Nxd4
{ [%eval -34,13] [%emt 0:00:51] (Nxd4) } 10...exd4
{ [%eval 10,13] [%emt 0:01:05] (exd4) } 11.d3
{ [%eval -31,13] [%emt 0:00:27] (e4) } 11...Bg4
{ [%eval 11,12] [%emt 0:01:01] (Re8) } 12.h3
{ [%eval -25,14] [%emt 0:00: 46] (Re1) } 12...Bd7
{ [%eval 9,12] [%emt 0:00:44] (Bf5) } 13.Bf4
{ [%eval -25,14] [%emt 0:00:34] (e4) } 13...Qf6
{ [%eval 11,12] [%emt 0:01:55] (Re8) } 14.Rc1
{ [%eval -25,13] [%emt 0:00:42] (Re1) } 14...g5
{ [%eval 17,11] [%emt 0:00:33] (Rfe8) } 15.Bd2
{ [%eval 27,13] [%emt 0:00:38] (Bd2) } 15...Bb6
{ [%eval 7,11] [%emt 0:01:03] (Bb6) } 16.b4
{ [%eval 15,13] [%emt 0:00:35] (Qb3) } 16...Rfc8
{ [%eval 8,11] [%emt 0:00:43] (Rfc8) } 17.Re1
{ [%eval 7,13] [%emt 0:00:50] (e3) } 17...g4
{ [%eval 11,11] [%emt 0: 00:37] (a5) } 18.hxg4
{ [%eval 9,12] [%emt 0:00:16] (hxg4) } 18...Bxg4
{ [%eval 1,13] [%emt 0:00:59] (Bxg4) } 19.Rc4
{ [%eval 40,13] [%emt 0:01:09] (Qb3) } 19...a6
{ [%eval -3,11] [%emt 0:00:33] (h5) } 20.a4
{ [%eval 69,13] [%emt 0:01:19] (a4) } 20...Ba7
{ [%eval 0,12] [%emt 0:00:21] (Qe7) } 21.Qc1
{ [%eval 66,12] [%emt 0:00:37] (Qc1) } 21...Qd8
{ [%eval -15,12] [%emt 0:00:36] (Qe7) } 22.Bg5
{ [%eval 115,13] [%emt 0:00:37] (a5) } 22...f6
{ [%eval -18,13] [%emt 0:00:32] (f6) } 23.Bh4
{ [%eval 98,13] [%emt 0:00:53] (Bh4) } 23...Kg7
{ [%eval -25,12] [%emt 0:00:36] (Kg7) } 24.Qf4
{ [%eval 111,13] [%emt 0:00:56] (e4) } 24...Bd7
{ [%eval -27,11] [%emt 0:00:21] (Bd7) } 25.Rec1
{ [%eval 147,12] [%emt 0:01:04] (a5) } 25...Bb6
{ [%eval -74,11] [%emt 0:00: 26] (h6) } 26.a5
{ [%eval 433,12] [%emt 0:01:42] (a5) } 26...Bb5
{ [%eval -332,11] [%emt 0:00:19] (Bb5) } 27.R4c2
{ [%eval 445,12] [%emt 0:00:54] (R4c2) } 27...Ba4
{ [%eval -354,12] [%emt 0:00:23] (Ba4) } 28.Ra2
{ [%eval 421,12] [%emt 0:00:45] (Ra2) } 28...Bd7
{ [%eval -363,11] [%emt 0:00:20] (Bd7) } 29.axb6
{ [%eval 476,11] [%emt 0:00:47] (axb6) } 29...cxb6
{ [%eval -444,14] [%emt 0:01:17] (cxb6) } 30.Rxc8
{ [%eval 503,14] [%emt 0:00:50] (Rxc8) } 30...Rxc8
{ [%eval -447,13] [%emt 0:00:14] (Rxc8) } 31.Qxd6
{ [%eval 505,12] [%emt 0:00:28] (Qxd6) } 31...Be8
{ [%eval -456,12] [%emt 0:00:25] (Be8) } 32.Qf4
{ [%eval 550,13] [%emt 0:00:35] (Qf4) } 32...Rc3
{ [%eval -477,11] [%emt 0:00:22] (Rc3) } 33.Kh2
{ [%eval 571,12] [%emt 0:00:56] (d6) } 33...Rb3
{ [%eval -461,11] [%emt 0:00:23] (Bf7) } 34.d6
{ [%eval 628,12] [%emt 0:00:47] (d6) } 34...Bd7
{ [%eval -526,11] [%emt 0:01:11] (Bd7) } 35.Bd5
{ [%eval 739, 12] [%emt 0:00:46] (Bxb7) } 35...Rb1
{ [%eval -636,11] [%emt 0:00:44] (Rc3) } 36.Rc2
{ [%eval 1064,12] [%emt 0:00:34] (Bxb7) } 36...Bc6
{ [%eval -1057,11] [%emt 0:00:39] (Bc6) } 37.Bxc6
{ [%eval 1323,12] [%emt 0:00:34] (Bxc6) } 37...bxc6
{ [%eval -1413,11] [%emt 0:00:41] (bxc6) } 1-0